 Dungeon Crawl Stone Soup version 0.30-a0-368-g86fb4627a9 (webtiles) character file.

Game seed: 18188237803121582261

182 Tocho the Poker (level 5, -10/45 HPs)
             Began as a Minotaur Fighter on Nov 20, 2022.
             Was an Initiate of the Shining One.
             Mangled by an ogre
             ... wielding a +0 giant club
              (13 damage)
             ... on level 5 of the Dungeon.
             The game lasted 00:03:03 (2095 turns).

Tocho the Poker (Minotaur Fighter)                  Turns: 2095, Time: 00:03:04

Health: -10/45     AC:  6    Str: 23    XL:     5   Next: 34%
Magic:  4/4        EV: 10    Int:  5    God:    the Shining One [......]
Gold:   146        SH:  4    Dex:  9    Spells: 4/4 levels left

rFire   + . .      SeeInvis .    a - +0 trident
rCold   + . .      Faith    .    c - +0 buckler
rNeg    . . .      Spirit   .    l - +0 ring mail of Insurance {Stlth+}
rPois   +          Reflect  .    (helmet restricted)
rElec   +          Harm     .    (no cloak)
rCorr   +          Rampage  .    (no gloves)
Will    .....                    r - +0 pair of boots
Stlth   +.........               (no amulet)
HPRegen 0.27/turn                (no ring)
MPRegen 0.09/turn                (no ring)

@: resistant, glowing
A: horns 2, retaliatory headbutt
a: Renounce Religion


You were on level 5 of the Dungeon.
You worshipped the Shining One.
The Shining One was noncommittal.
You visited 1 branch of the dungeon, and saw 4 of its levels.

You collected 146 gold pieces.

Inventory:

Hand Weapons
 a - a +0 trident (weapon)
Armour
 b - a +0 scale mail
 c - a +0 buckler (worn)
 l - the +0 ring mail of Insurance (worn) {Stlth+}
   (You found it on level 2 of the Dungeon)

   Stlth:     It makes you more stealthy.
 r - a +0 pair of boots (worn)
Jewellery
 t - an amulet of faith
Scrolls
 g - a scroll of teleportation {unknown}
 h - a scroll of immolation {unknown}
 i - a scroll of identify {unknown}
 j - a scroll of enchant weapon {unknown}
 k - a scroll of butterflies {unknown}
 m - a scroll of vulnerability {unknown}
 n - a scroll of poison {unknown}
 p - a scroll of fear {unknown}
 q - a scroll of torment {unknown}
Potions
 d - 2 potions of might
 f - a potion of degeneration {unknown}
 o - a potion of haste {unknown}
 s - 2 potions of heal wounds {unknown}


   Skills:
 - Level 3.6 Fighting
 + Level 6.8 Polearms
 - Level 3.6 Armour
 - Level 3.6 Shields


You had 4 spell levels left.
You didn't know any spells.
Your spell library contained the following spells:

 Spells                   Type           Power      Damage    Failure   Level
 Necrotise                Necr           0%         1d4       73%         1
 Cigotuvi's Dreadful Rot  Necr/Pois/Air  0%         N/A       86%         2
 Poisonous Vapours        Pois/Air       0%         N/A       86%         2
 Sublimation of Blood     Necr           0%         N/A       86%         2
 Wereblood                Tmut           0%         N/A       86%         2
 Mephitic Cloud           Conj/Pois/Air  0%         N/A       97%         3
 Vampiric Draining        Necr           0%         2d6       97%         3
 Agony                    Necr           0%         N/A       100%        5
 Summon Hydra             Summ           0%         N/A       100%        7


Dungeon Overview and Level Annotations

Branches:
Dungeon (5/15)
 Temple: D:4-7

Altars:
The Shining One


Innate Abilities, Weirdness & Mutations

You have a pair of horns on your head.
You reflexively headbutt those who attack you in melee.


Message History

You puncture the ogre!
The ogre is moderately wounded.
The ogre barely misses you. You furiously retaliate!
You headbutt the ogre!
A troll comes into view.
You barely miss the ogre.
The ogre is heavily wounded.
The ogre hits you with a +0 giant club!!
Ouch! That really hurt!
You are too injured to fight recklessly!
You are too injured to fight recklessly!
You are too injured to fight recklessly!
You are too injured to fight recklessly!
You are too injured to fight recklessly!
You are too injured to fight recklessly!
You are too injured to fight recklessly!
You are too injured to fight recklessly!
You are too injured to fight recklessly!
You are too injured to fight recklessly!
You are too injured to fight recklessly!
You are too injured to fight recklessly!
You are too injured to fight recklessly!
You are too injured to fight recklessly!
You are too injured to fight recklessly!
You are too injured to fight recklessly!
You are too injured to fight recklessly!
You are too injured to fight recklessly!
You are too injured to fight recklessly!
You are too injured to fight recklessly!
You are too injured to fight recklessly!
You are too injured to fight recklessly!
You closely miss the ogre.
The ogre is heavily wounded.
You hit the ogre.
The ogre is severely wounded.
The ogre hits you with a +0 giant club!
* * * LOW HITPOINT WARNING * * *
It was a potion of resistance.
You feel protected. The ogre hits you with a +0 giant club!
You die...

#...............#
#...#......(..##.####
#...#........^.#.# #
####...#........#.#.# #
......####.#.....#.# #
#...T #.#..####.# #
#.... #.#.......# #
..#...O####.#...##### #
.......@............# #
.#.....####......#.#####
....... ................
###.#..##........#.#####
.. #............#.##...
## #.#..####.#.##.##...
..##...##.#.#..##...
###....##.#.#.......
#.#####..))...#.#.......


You could see a troll and an ogre.

Vanquished Creatures
  A phantom (D:5)
  An orc wizard (D:5)
  Robin (D:2)
  An adder (D:2)
  A worm (D:2)
  2 orcs (D:5)
  4 ball pythons
  4 bats
  4 endoplasms
  7 giant cockroaches
  8 goblins
  4 hobgoblins
  3 jackals (D:2)
  4 quokkas
  A frilled lizard (D:1)
  3 kobolds
  2 rats
51 creatures vanquished.

Notes
Turn   | Place    | Note
-------+----------+-------------------------------------------
     0 | D:1      | Tocho the Minotaur Fighter began the quest for the Orb.
     0 | D:1      | Reached XP level 1. HP: 19/19 MP: 0/0
    94 | D:1      | Reached skill level 3 in Polearms
   165 | D:1      | Reached XP level 2. HP: 26/26 MP: 1/1
   214 | D:1      | Found a faded altar of an unknown god.
   459 | D:1      | Reached skill level 4 in Polearms
   697 | D:1      | Reached XP level 3. HP: 31/31 MP: 2/2
   848 | D:2      | Noticed Robin
   863 | D:2      | Killed Robin
   905 | D:2      | Reached skill level 5 in Polearms
   987 | D:2      | Reached XP level 4. HP: 39/39 MP: 3/3
  1020 | D:2      | Identified the +0 ring mail of Insurance {Stlth+}
  1607 | D:3      | You fall into a shaft and drop 2 floors!
  1607 | D:5      | Entered Level 5 of the Dungeon
  1642 | D:5      | Noticed a phantom
  1652 | D:5      | Killed a phantom
  1653 | D:5      | Reached skill level 6 in Polearms
  1653 | D:5      | Reached XP level 5. HP: 45/45 MP: 4/4
  1689 | D:5      | Found a glowing golden altar of the Shining One.
  2022 | D:5      | Became a worshipper of the Shining One
  2090 | D:5      | Noticed an ogre
  2091 | D:5      | Noticed a troll
  2094 | D:5      | HP: 2/45 [ogre/+0 giant club (16)]
  2095 | D:5      | Mangled by an ogre

Illustrated notes

Levels and vault maps discovered:
D:1:      saegor_arrival_simple_b, layout_loops_corners,
          hellmonk_ecumenical_altar_run_dry, minmay_misc_feat_cross,
          nicolae_figureground_pulse
D:2:      layout_basic, uniq_robin
D:3:      layout_loops_ring
D:5:      layout_basic, tso_oasis_becter, ebering_ghost_reflecting_pool

Skill      XL: |  1  2  3  4 |
---------------+-------------+-----
Polearms       | 3 4 5 6 |  6.8
Fighting       | |  3.6
Armour         | |  3.6
Shields        | |  3.6

Action                   |  1- 3 |  4- 6 || total
-------------------------+-------+-------++-------
Melee: Trident           |    81 |    41 ||   122
       Headbutt          |    11 |     2 ||    13
  Use: Potion            |       |     1 ||     1
Armor: Scale mail        |    16 |     4 ||    20
       Ring mail         |       |    10 ||    10
Dodge: Dodged            |    21 |    27 ||    48
Block: Buckler           |    14 |     3 ||    17

Table legend: (Time is in decaauts)
 A = Elapsed time spent in this place.
 B = Non-inter-level travel time spent in this place.
 C = Inter-level travel time spent in this place.
 D = Time resting spent in this place.
 E = Time spent auto-exploring this place.
 F = Levels seen in this place.
 G = Mean time per level.
                   A        B        C        D        E       F      G
               +--------+--------+--------+--------+--------+-----+--------+
         Total |   2107 |   1976 |    131 |      0 |   1665 |   4 |  526.8 |
       Dungeon |   2107 |   1976 |    131 |      0 |   1665 |   4 |  526.8 |
               +--------+--------+--------+--------+--------+-----+--------+

Top non-repeatable levels by time:
     D:1: 829 daAuts
     D:2: 712 daAuts
     D:5: 488 daAuts
     D:3: 77 daAuts
